 Dungeon Crawl Stone Soup version 0.23.0-3-gf3c87f2 (webtiles) character file.

Game seed: 14058871056105566808

352 Borgoz the Sneak (level 6, -5/36 HPs)
             Began as a Kobold Enchanter on Feb 24, 2019.
             Slain by a worker ant (7 damage)
             ... on level 6 of the Dungeon.
             The game lasted 00:08:00 (4062 turns).

Borgoz the Sneak (Kobold Enchanter)                 Turns: 4062, Time: 00:08:01

Health: -5/36      AC:  2    Str:  8    XL:     6   Next: 93%
Magic:  1/10       EV: 22    Int: 16    God:
Gold:   177        SH:  0    Dex: 20    Spells: 4/10 levels left

rFire    . . .     SeeInvis .   a - +1 dagger
rCold    . . .     Gourm    .   (shield restricted)
rNeg     . . .     Faith    .   b - +0 robe
rPois    .         Spirit   .   (no helmet)
rElec    .         Reflect  .   (no cloak)
rCorr    .         Harm     .   (no gloves)
MR       .....                  (no boots)
Stlth    ++++......             (no amulet)
HPRegen  0.12/turn              (no ring)
MPRegen  0.12/turn              (no ring)

@: agile, lethally poisoned (-5 -> -8)
A: small, carnivore
a: no special abilities


You were on level 6 of the Dungeon.
You were very full.

You visited 1 branch of the dungeon, and saw 5 of its levels.

You collected 177 gold pieces.

Inventory:

Hand Weapons
 a - a +1 dagger (weapon)
Armour
 b - a +0 robe (worn)
Jewellery
 j - an uncursed ring of protection from fire {unknown}
 m - a cursed ring of attention {unknown}
Scrolls
 c - a scroll of fog
 g - a scroll of blinking
 h - a scroll of enchant weapon {unknown}
 i - a scroll of remove curse
 k - a scroll of noise
 p - a scroll of amnesia {unknown}
Potions
 f - a potion of mutation
Comestibles
 d - 5 rations


   Skills:
 * Level 2.6 Fighting
 * Level 3.6 Short Blades
 + Level 1.5 Throwing
 * Level 3.9 Dodging
 * Level 5.6 Stealth
 + Level 2.9 Spellcasting
 * Level 3.9 Hexes


You had 4 spell levels left.
You knew the following spells:

 Your Spells              Type           Power        Failure   Level  Hunger
a - Corona                Hex            ##.....      3%          1    #......
b - Ensorcelled Hibernat  Hex/Ice        #.....       13%         2    ##.....
c - Confuse               Hex            ##......     12%         3    ###....

Your spell library contained the following spells:

 Spells                   Type           Power        Failure   Level  Hunger
 Tukima's Dance           Hex            ##......     12%         3    ###....
 Dazzling Spray           Conj/Hex       #.....       26%         3    ###....


Dungeon Overview and Level Annotations

Branches:
Dungeon (7/15)
 Temple: D:4-7

Altars:
Fedhas
Gozag
Trog
Wu Jian
The Shining One


Innate Abilities, Weirdness & Mutations

You are small and have problems with some larger weapons.
You are carnivorous and can eat meat at any time.


Message History

Confirm with . or Enter, or press ? or * to list all spells.
Aiming: Ensorcelled Hibernation (safe; 13% risk of failure)
Press: ? - help, Shift-Dir - straight line, f/p - worker ant
Aim: a worker ant (chance to defeat MR: 49%)
The worker ant resists with some effort.
The worker ant closely misses you.
* * * LOW HITPOINT WARNING * * *
You feel sick.
* * * LOW HITPOINT WARNING * * *
You feel sick. The worker ant bites you.
* * * LOW HITPOINT WARNING * * *
Okay, then.
* * * LOW HITPOINT WARNING * * *
You feel sick.
Okay, then.
* * * LOW HITPOINT WARNING * * *
You feel sick.
* * * LOW HITPOINT WARNING * * *
You feel sick. The worker ant bites you!
You die...

########
#....@.#
#.####a# ##
#. #.# .###
##.##+####.#
....
#....?..##.#
....
##.....).##.#
....
''.....>.##.#
....
##.......##.#
...o
#........#.#


You could see a worker ant.

Vanquished Creatures
  A bullfrog (D:6)
  A scorpion (D:7)
  A crimson imp (D:6)
  A jelly (D:7)
  A hound (D:6)
  A worker ant (D:6)
  6 adders (D:2)
  A dart slug (D:1)
  3 leopard geckos
  3 orcs
  3 giant cockroaches
  4 goblins
  8 hobgoblins
  4 jackals
  9 kobolds
  2 quokkas
  6 bats
  A frilled lizard (D:1)
  16 rats
72 creatures vanquished.

Notes
Turn   | Place    | Note
-------+----------+-------------------------------------------
     0 | D:1      | Borgoz the Kobold Enchanter began the quest for the Orb.
     0 | D:1      | Reached XP level 1. HP: 10/10 MP: 3/3
   216 | D:1      | Reached XP level 2. HP: 6/16 MP: 5/5
   572 | D:1      | Reached skill level 1 in Fighting
   631 | D:1      | Reached XP level 3. HP: 19/20 MP: 6/6
  1351 | D:2      | Learned a level 2 spell: Ensorcelled Hibernation
  1355 | D:2      | Learned a level 3 spell: Confuse
  1667 | D:2      | Found a glowing golden altar of the Shining One.
  1677 | D:2      | Found an ornate altar of the Wu Jian Council.
  1678 | D:2      | Found a blossoming altar of Fedhas.
  1698 | D:2      | Reached XP level 4. HP: 24/25 MP: 7/7
  2597 | D:2      | Reached XP level 5. HP: 21/30 MP: 3/8
  3020 | D:3      | You fall through a shaft for 3 floors!
  3057 | D:6      | Reached skill level 1 in Throwing
  3057 | D:6      | Reached skill level 5 in Stealth
  3766 | D:7      | Reached XP level 6. HP: 24/35 MP: 3/10
  3885 | D:7      | Found a bloodstained altar of Trog.
  3930 | D:7      | Found an opulent altar of Gozag.
  3987 | D:7      | Found a glowing golden altar of the Shining One.
  4000 | D:7      | Noticed an orc warrior
  4062 | D:6      | Slain by a worker ant

Skill      XL: |  1  2  3  4  5 |
---------------+----------------+-----
Short Blades   | 2 3 |  3.6
Fighting       | 1 2 |  2.6
Dodging        | 3 |  3.9
Throwing       | 1 |  1.5
Stealth        | 5 |  5.6
Spellcasting   | |  2.9
Hexes          | |  3.9

Action                   |  1- 3 |  4- 6 || total
-------------------------+-------+-------++-------
Melee: Dagger            |   176 |   122 ||   298
 Cast: Corona            |     1 |       ||     1
       Ensorcelled Hiber |       |    26 ||    26
       Confuse           |       |     1 ||     1
  Use: Potion            |     3 |     4 ||     7
       Scroll            |     6 |     4 ||    10
 Stab: Sleeping          |     5 |    18 ||    23
       Invisible         |       |     1 ||     1
       Distracted        |       |     1 ||     1
  Eat: Chunk             |    11 |     8 ||    19
Armor: Robe              |    19 |    14 ||    33
Dodge: Dodged            |   134 |   121 ||   255
